cohdb
Replays
Latest Replays
All Replays
Popular Replays
Top Player Replays
Match Explorer
How It Works
Community
CoH3 Stats
Reddit
Sign in to upload your games and track your stats! →
Sign in with Steam
Match 44945495
Unlisted
Match 44945495
Overview
Messages
Build Orders
End
Construct Infanterie Kompanie
Selects Mechanized Battlegroup
MG 42 Machine Gun Team
GrW 34 Mortar Team
MG 42 Machine Gun Team
Infanterie Officer Quarters
Construct Luftwaffe Kompanie
221 Scout Car
Jäger Squad
Selects Mobile Repair Stations
Jäger Squad
GrW 34 Mortar Team
Support Elements
Wirbelwind Flakpanzer
Selects Wespe Self-propelled Artillery
Wespe Self-propelled Artillery
Pioneer Squad
Wirbelwind Flakpanzer
Jäger Squad
Wespe Self-propelled Artillery
Jäger Squad
Marder III M Tank Destroyer
今天拖了丽芙后腿
春天到啦
陈浩南
中二青年
波菜
ShuGuang
JT
huaichen
0
0
Comments
sign in to comment!
No comments posted yet!